 Seeded DCSS version 0.30.0-5-g1a98f26d00 (webtiles) character file.

Game seed: 3473563143988971028 (custom seed)

32756 Gelion the Severer (level 13, -21/118 HPs)
             Began as a Minotaur Fighter on May 10, 2023.
             Was the Champion of Okawaru.
             Demolished by Rupert
             ... wielding a +0 great sword of venom
              (22 damage)
             ... on level 4 of the Lair of Beasts.
             The game lasted 00:23:19 (12784 turns).

Gelion the Severer (Minotaur Fighter)              Turns: 12784, Time: 00:23:20

Health: -21/118    AC: 16    Str: 23    XL:     13   Next: 33%
Magic:  18/18      EV: 15    Int:  5    God:    Okawaru [******]
Gold:   1175       SH:  7    Dex: 13    Spells: 12/12 levels left

rFire   + . .        h - +13 consecrated labrys {holy, Valiant Fragile Fly SInv}
rCold   + . .        c - +0 buckler
rNeg    . . .        D - +3 ring mail
rPois   +            F - +2 hat {SInv}
rElec   .            Q - scarf {rC+ rF+}
rCorr   .            (no gloves)
SInv    +            C - +2 pair of boots
Will    .....        f - amulet of the acrobat
Stlth   +            O - ring of poison resistance
HPRegen 0.39/turn    t - +5 ring of evasion
MPRegen 0.16/turn

%: acrobat
@: lethally poisoned (-21 -> -29), flying, studying Summonings
A: horns 2, retaliatory headbutt
a: Renounce Religion, Heroism, Finesse, Duel


You were on level 4 of the Lair of Beasts.
You worshipped Okawaru.
Okawaru was exalted by your worship.
You visited 3 branches of the dungeon, and saw 15 of its levels.
You also visited: Bailey.

You collected 1175 gold pieces.

Inventory:

Hand Weapons
 h - the +13 consecrated labrys (weapon) {holy, Valiant Fragile Fly SInv}
   (You found it on level 2 of the Dungeon)

   Valiant:   It becomes more powerful as more dangerous foes come into view.
   SInv:      It lets you see invisible.
   Fly:       It grants you flight.
   Fragile:   It will be destroyed if unequipped.
Armour
 c - a +0 buckler (worn)
 p - a +2 cloak
 C - a +2 pair of boots (worn)
 D - a +3 ring mail (worn)
 F - a +2 hat of see invisible (worn)
 Q - a scarf of resistance (worn)
Jewellery
 f - an amulet of the acrobat (around neck)
 q - a ring of willpower
 t - a +5 ring of evasion (right hand)
 O - a ring of poison resistance (left hand)
Wands
 a - a wand of light (6)
 b - a wand of mindburst (23)
 i - a wand of iceblast (19)
 y - a wand of polymorph (11)
 P - a wand of flame (14)
Scrolls
 e - 3 scrolls of fog
 g - a scroll of amnesia
 k - a scroll of blinking
 l - 11 scrolls of identify
 m - 2 scrolls of fear
 n - a scroll of enchant weapon
 w - 2 scrolls of enchant armour
 z - a scroll of magic mapping
 K - a scroll of poison
 M - a scroll of silence
Potions
 d - 6 potions of might
 j - a potion of invisibility
 o - 7 potions of curing
 r - a potion of cancellation
 s - a potion of brilliance
 u - 4 potions of flight
 v - 2 potions of mutation
 x - 3 potions of ambrosia
 A - 6 potions of lignification
 B - a potion of attraction
 E - 5 potions of haste
 G - 6 potions of heal wounds
 H - 2 potions of magic
 I - a potion of resistance
 J - a potion of berserk rage


   Skills:
 + Level 12.0 Fighting
 * Level 19.1 Axes
 + Level 12.1 Armour
 + Level 11.9 Shields
 + Level 8.9 Invocations


You had 12 spell levels left.
You didn't know any spells.
Your spell library contained the following spells:

 Spells                   Type           Power      Damage    Failure   Level
 Shock                    Conj/Air       0%         1d3       65%         1
 Ensorcelled Hibernation  Hex/Ice        0%         N/A       78%         2
 Inner Flame              Hex/Fire       0%         N/A       95%         3
 Spider Form              Tmut/Pois      0%         N/A       95%         3
 Swiftness                Air            0%         N/A       95%         3
 Airstrike                Air            0%         2d(0-16)  100%        4
 Anguish                  Hex/Necr       0%         N/A       100%        4
 Flame Wave               Conj/Fire      0%         2d4       100%        4
 Sticky Flame             Conj/Fire      0%         2d3       100%        4
 Yara's Violent Unravell  Hex/Tmut       0%         3d3       100%        5
 Enfeeble                 Hex            0%         N/A       100%        7
 Summon Small Mammal      Summ           Unusable   N/A       N/A         1
 Call Canine Familiar     Summ           Unusable   N/A       N/A         3
 Summon Guardian Golem    Hex/Summ       Unusable   N/A       N/A         3

Dungeon Overview and Level Annotations

Branches:
Dungeon (10/15)            Temple (1/1) D:4            Lair (4/5) D:9
 Shoals (0/4) Lair:2       Spider (0/4) Lair:2          Orc (0/2) D:9
 Bailey (visited)
  Slime: Lair:4-5

Altars:
Ashenzari
Cheibriados
Dithmenos
Elyvilon
Fedhas
Gozag
Hepliaklqana
Kikubaaqudgha
Makhleb
Nemelex Xobeh
Okawaru
Qazlal
Ru
Sif Muna
Trog
Uskayaw
Vehumet
Wu Jian
Xom
Yredelemnul
Zin
The Shining One

Shops:
D:2 *   D:7 :

Annotations:
Lair:4 Rupert


Innate Abilities, Weirdness & Mutations

You have a pair of horns on your head.
You reflexively headbutt those who attack you in melee.


Message History

Rupert is heavily wounded.
Rupert hits you with a +0 great sword of venom!!
You are poisoned.
You are too injured to fight recklessly!
You slash Rupert!
Rupert is heavily wounded.
You feel very sick.
Rupert hits you with a +0 great sword of venom!!!
* * * LOW HITPOINT WARNING * * *
You are lethally poisoned!
You slice Rupert!!
Rupert is severely wounded.
* * * LOW HITPOINT WARNING * * *
You feel very sick. Rupert barely misses you.
You completely miss Rupert.
Rupert is severely wounded.
* * * LOW HITPOINT WARNING * * *
You feel very sick. You block Rupert's attack.
You slice Rupert!!
Rupert is almost dead.
* * * LOW HITPOINT WARNING * * *
You feel very sick. Rupert barely misses you.
You hit Rupert.
Rupert is almost dead.
* * * LOW HITPOINT WARNING * * *
You feel very sick. Rupert barely misses you.
You slash Rupert! Your headbutt misses Rupert.
Rupert is almost dead.
* * * LOW HITPOINT WARNING * * *
You feel sick. Rupert barely misses you.
You slash Rupert! You headbutt Rupert, but do no damage.
Rupert is almost dead.
* * * LOW HITPOINT WARNING * * *
You feel very sick.
Rupert hits you with a +0 great sword of venom!!
You die...

## #.........#
###.#....##
#.#....##.
#.........
#.........
###.........
##P#.........P.
...........###.
. ........@...#
. ..##.P##@..##
. . ### ....# .
.#....# .
###...## .
#.... . #...##
. ..... .


You could see Rupert (berserk).

Vanquished Creatures
  Gastronok (D:9)
  The ghost of Implojin the Basher, a journeyman OgDe of Hepliaklqana (Lair:3)
  Fannar (Lair:1)
  4 death yaks (Lair:3)
  4 two-headed ogres
  The ghost of Zdeegee the Destroyer, a novice OpCj of Vehumet (D:8)
  Pikel (D:4)
  A manticore (Lair:2)
  A moth of wrath (D:7)
  Maurice (D:9)
  5 elephants (Lair:2)
  The ghost of ojifijod the Grappler, a novice TrGl (D:7)
  2 molten gargoyles (Lair:3)
  4 black mambas
  5 cane toads
  3 rime drakes
  4 komodo dragons
  Grinder (D:5)
  A wind drake (Lair:2)
  A hornet (D:10)
  10 blink frogs
  Prince Ribbit (D:9)
  3 spriggans (D:8)
  Sigmund (D:4)
  A shadow (D:10)
  The ghost of SleepySteel the Trooper, an amateur AtFi (D:3)
  A wraith (D:10)
  Grum (D:9)
  17 yaks
  A steam dragon (D:8)
  A basilisk (Lair:2)
  Menkaure (D:7)
  An acid dragon (D:9)
  8 water moccasins
  2 black bears
  24 orc warriors
  2 ice beasts (D:5)
  A sky beast (D:7)
  12 wolves
  2 ogres
  13 centaurs
  A lemure (D:4)
  2 phantoms
  The ghost of howech the Sneak, an amateur OpEn (D:3)
  8 kobold brigands
  Blork the orc (D:4)
  7 scorpions
  9 bullfrogs
  3 wights (D:7)
  10 howler monkeys
  5 lava snakes (Lair:3)
  A quasit (D:6)
  2 jellies
  7 hounds
  A gnoll bouda (D:6)
  10 orc priests
  A sleepcap (D:5)
  2 iguanas
  12 orc wizards
  A mummy (D:6)
  15 gnolls
  5 adders
  A white imp (D:6)
  An ufetubus (D:6)
  4 worms
  A dart slug (D:3)
  78 orcs
  7 ball pythons
  5 bats
  7 endoplasms
  8 giant cockroaches
  7 goblins
  8 hobgoblins
  14 jackals
  7 quokkas
  4 frilled lizards
  2 goblin skeletons (D:6)
  2 goblin zombies (D:6)
  2 hobgoblin zombies (D:6)
  66 kobolds
  2 kobold zombies (D:6)
  An orc skeleton (D:6)
  2 orc zombies (D:6)
  A rat (D:3)
481 creatures vanquished.

Notes
Turn   | Place    | Note
-------+----------+-------------------------------------------
     0 | D:1      | Gelion the Minotaur Fighter began the quest for the Orb.
     0 | D:1      | Reached XP level 1. HP: 19/19 MP: 0/0
   115 | D:1      | Reached XP level 2. HP: 27/27 MP: 1/1
   122 | D:1      | Reached skill level 3 in Axes
   316 | D:1      | Found a faded altar of an unknown god.
   427 | D:1      | Reached XP level 3. HP: 33/33 MP: 2/2
   512 | D:2      | Found the +4 consecrated labrys {holy, Valiant Fragile Fly
                  | SInv}
   534 | D:2      | Found Liezacik's General Store.
   721 | D:2      | Reached XP level 4. HP: 40/40 MP: 3/3
  1000 | D:2      | Found a hide-covered altar of Uskayaw.
  1195 | D:3      | Reached skill level 4 in Axes
  1287 | D:3      | Found a runed translucent gate.
  1287 | D:3      | Found a runed translucent gate.
  1287 | D:3      | Found a runed translucent gate.
  1290 | D:3      | Noticed howech's ghost (amateur OpEn)
  1290 | D:3      | Noticed SleepySteel's ghost (amateur AtFi)
  1365 | D:3      | Killed howech's ghost
  1366 | D:3      | Reached XP level 5. HP: 25/47 MP: 4/4
  1372 | D:3      | Killed SleepySteel's ghost
  1373 | D:3      | Reached skill level 5 in Fighting
  1373 | D:3      | Reached skill level 5 in Axes
  1373 | D:3      | Reached skill level 5 in Shields
  1373 | D:3      | Reached XP level 6. HP: 18/56 MP: 5/5
  1555 | D:3      | Found a radiant altar of Vehumet.
  1638 | D:3      | Reached skill level 5 in Armour
  1726 | D:3      | Reached skill level 6 in Axes
  1780 | D:3      | Reached XP level 7. HP: 60/61 MP: 6/6
  2705 | D:4      | Found a staircase to the Ecumenical Temple.
  2726 | Temple   | Entered the Ecumenical Temple
  2976 | Temple   | Became a worshipper of Warmaster Okawaru
  3075 | D:4      | You are sucked into a shaft and drop 3 floors!
  3095 | D:7      | Noticed Menkaure
  3100 | D:7      | Killed Menkaure
  3101 | D:7      | Reached skill level 7 in Axes
  3127 | D:7      | Found Guomp's Book Boutique.
  3161 | D:6      | Reached skill level 1 in Invocations
  3161 | D:6      | Reached XP level 8. HP: 70/70 MP: 7/7
  3207 | D:6      | Found a glowing golden altar of the Shining One.
  3215 | D:6      | Reached * piety under Okawaru
  3289 | D:6      | Reached skill level 8 in Axes
  3341 | D:5      | Entered Level 5 of the Dungeon
  3398 | D:5      | Reached ** piety under Okawaru
  3634 | D:4      | Noticed Sigmund
  3639 | D:4      | Reached XP level 9. HP: 70/79 MP: 10/10
  3641 | D:4      | Killed Sigmund
  3642 | D:4      | Reached skill level 9 in Axes
  4032 | D:4      | Noticed Blork the orc
  4032 | D:4      | Noticed Pikel
  4040 | D:4      | Killed Pikel
  4040 | D:4      | Reached *** piety under Okawaru
  4045 | D:4      | Killed Blork the orc
  4291 | D:4      | Identified a scroll of acquirement
  4291 | D:4      | Acquired a manual of Axes
  4613 | D:5      | Noticed Grinder
  4620 | D:5      | Killed Grinder
  4621 | D:5      | Reached skill level 10 in Axes
  5048 | D:7      | Reached skill level 11 in Axes
  5135 | D:7      | Found a transporter.
  5145 | D:7      | Found a bloodstained altar of Trog.
  5145 | D:7      | Found a transporter.
  5158 | D:7      | Noticed ojifijod's ghost (novice TrGl)
  5171 | D:7      | Noticed a two-headed ogre
  5178 | D:7      | Noticed a moth of wrath
  5199 | D:7      | Killed ojifijod's ghost
  5202 | D:7      | Killed a two-headed ogre
  5202 | D:7      | Reached **** piety under Okawaru
  5203 | D:7      | Reached XP level 10. HP: 71/88 MP: 10/12
  5206 | D:7      | Reached skill level 12 in Axes
  5209 | D:7      | Killed a moth of wrath
  5261 | D:7      | Found a stormy altar of Qazlal.
  5407 | D:7      | Reached skill level 5 in Invocations
  5679 | D:8      | Found a flagged portal.
  5689 | Bailey   | Entered a bailey
  5938 | Bailey   | Reached skill level 13 in Axes
  6184 | Bailey   | Reached ***** piety under Okawaru
  6254 | Bailey   | Reached skill level 14 in Axes
  6703 | D:8      | Noticed a two-headed ogre
  6704 | D:8      | Reached XP level 11. HP: 90/97 MP: 14/14
  6708 | D:8      | Noticed a two-headed ogre
  6709 | D:8      | Killed a two-headed ogre
  6715 | D:8      | Killed a two-headed ogre
  6963 | D:8      | Found a runed translucent door.
  6965 | D:8      | Identified the +2 spear of the Ghost {drain, Fragile rC+++
                  | Int+5}
  6965 | D:8      | Noticed Zdeegee's ghost (novice OpCj)
  6986 | D:8      | Reached skill level 15 in Axes
  7108 | D:8      | Identified the +2 plate armour of the Land of Plenty {rF-
                  | rC++} (Okawaru gifted it to you on level 8 of the Dungeon)
  7108 | D:8      | Received a gift from Okawaru
  7115 | D:8      | Killed Zdeegee's ghost
  7421 | D:9      | Reached ****** piety under Okawaru
  7518 | D:9      | Noticed Prince Ribbit
  7524 | D:9      | Killed Prince Ribbit
  7537 | D:9      | Found a staircase to the Orcish Mines.
  7542 | D:9      | Reached skill level 10 in Armour
  7619 | D:9      | Found a staircase to the Lair.
  7713 | D:9      | Found a shimmering blue altar of Sif Muna.
  7713 | D:9      | Found a blossoming altar of Fedhas.
  7722 | D:9      | Found a sparkling altar of Nemelex Xobeh.
  7724 | D:9      | Found a white marble altar of Elyvilon.
  7726 | D:9      | Found a faded altar of an unknown god.
  7796 | D:9      | Noticed Gastronok
  7807 | D:9      | Killed Gastronok
  7808 | D:9      | Reached skill level 10 in Fighting
  7808 | D:9      | Reached skill level 16 in Axes
  7808 | D:9      | Reached skill level 10 in Shields
  7941 | D:9      | Found a snail-covered altar of Cheibriados.
  7956 | D:9      | Noticed Maurice
  7967 | D:9      | Killed Maurice
  8032 | D:9      | Found a sacrificial altar of Ru.
  8042 | D:9      | Noticed Grum
  8056 | D:9      | Killed Grum
  8354 | D:10     | Entered Level 10 of the Dungeon
  8360 | D:10     | Noticed a two-headed ogre
  8368 | D:10     | Killed a two-headed ogre
  8449 | D:10     | Reached skill level 17 in Axes
  8529 | D:10     | Reached XP level 12. HP: 107/107 MP: 16/16
  8684 | D:10     | Found a shadowy altar of Dithmenos.
  8853 | Lair:1   | Entered Level 1 of the Lair of Beasts
  8924 | Lair:1   | Identified the +8 hand axe of the Morning {heavy, rPois rN+
                  | Dex+2} (Okawaru gifted it to you on level 1 of the Lair of
                  | Beasts)
  8924 | Lair:1   | Received a gift from Okawaru
  8924 | Lair:1   | Noticed Fannar
  8943 | Lair:1   | Killed Fannar
  9651 | Lair:2   | Found a hole to the Spider Nest.
  9665 | Lair:2   | Reached skill level 18 in Axes
  9847 | Lair:2   | Found a staircase to the Shoals.
 10085 | Lair:2   | You are sucked into a shaft and drop 2 floors!
 10266 | Lair:3   | Received a gift from Okawaru
 11080 | Lair:2   | Found the amulet of Elemental Vulnerability {rPois rF--
                  | rC-- AC+8}
 11510 | Lair:3   | Reached XP level 13. HP: 108/116 MP: 18/18
 12000 | Lair:3   | Found a runed translucent gate.
 12000 | Lair:3   | Found a runed translucent gate.
 12000 | Lair:3   | Found a runed translucent gate.
 12000 | Lair:3   | Noticed Implojin's ghost (journeyman OgDe)
 12022 | Lair:3   | Killed Implojin's ghost
 12022 | Lair:3   | Received a gift from Okawaru
 12023 | Lair:3   | Reached skill level 19 in Axes
 12769 | Lair:4   | Noticed Rupert
 12783 | Lair:4   | HP: 4/118 [poisoned by Rupert]
 12784 | Lair:4   | HP: 1/118 [poisoned by Rupert]
 12784 | Lair:4   | Demolished by Rupert

Illustrated notes

Levels and vault maps discovered:
D:1:      dpeg_arrival_arbitrary_a, layout_rooms, ebering_ecumenical_altar_box,
          minmay_worlds_worst_comb
D:2:      layout_loops_ring, serial_shops, shop, basic_altar
D:3:      minmay_goblin_kobold_castle, layout_loops_ring, amcnicky_altar_gilded,
          gammafunk_ghost_cemetery, dk_vineyard_3, minmay_circle_x
D:4:      layout_loops_ring, minmay_temple_entry_junction, uniq_blork_the_orc,
          uniq_sigmund, uniq_pikel
D:5:      layout_cave_pools, columned_hall_lemuel, uniq_grinder
D:6:      layout_rooms, nicolae_tso_besieged_by_evil, minmay_mini_ossuary
D:7:      layout_basic, mainiacjoe_overflow_cross_hatched,
          gammafunk_ghost_wrathful_warriors, serial_shops,
          nicolae_shop_statue_plus, uniq_menkaure
D:8:      layout_cave_pools, ebering_ghost_funeral_grove, enter_bailey_2,
          minmay_manual_maat
D:9:      layout_roguey, slow_altar_2, nicolae_ru_awakened_eye,
          chequers_temple_overflow_minitemple, david_lair_shrubbed, david_orc_3,
          uniq_gastronok, uniq_maurice, uniq_grum, uniq_prince_ribbit1
D:10:     layout_rooms, grunt_dithmenos_shadows
Temple:   nicolae_temple_slightly_damp_pantheon
Lair:1:   layout_regular_city, patterned_corridor, uniq_fannar
Lair:2:   layout_hall_layers, minmay_shoals_entry_beasts,
          nicolae_spider_entry_non_spiders, chequers_serial_rivers_micro_b
Lair:3:   cheibrodos_magma_flow, layout_small_grid, ebering_ghost_rock_garden,
          lemuel_fruit_tree, grunt_megastairs_5
Lair:4:   layout_gridlike, dreamdust_deal_with_the_devil, uniq_rupert

Skill      XL: |  1  2  3  4  5  6  7  8  9 10 11 12 13 |
---------------+----------------------------------------+-----
Axes           | 3 4 5 6 7 8 11 14 17 18 19 | 19.1
Fighting       | 4 5 6 7 8 9 10 11 12 | 12.0
Shields        | 4 5 6 7 8 9 10 11 | 11.9
Armour         | 4 5 6 7 8 9 10 11 12 | 12.1
Invocations    | 1 3 4 5 7 8 |  8.9

Action                     |  1- 3 |  4- 6 |  7- 9 | 10-12 | 13-15 || total
---------------------------+-------+-------+-------+-------+-------++-------
  Melee: War axe           |    42 |       |       |       |       ||    42
         Headbutt          |     3 |     7 |    38 |    91 |    21 ||   160
         Labrys            |    10 |    60 |   232 |   496 |    96 ||   894
 Invoke: Heroism           |       |       |     1 |       |       ||     1
    Use: Scroll            |       |       |    19 |    13 |       ||    32
 Armour: Scale mail        |    29 |    32 |    19 |       |       ||    80
         Ring mail         |       |       |    76 |   106 |    11 ||   193
  Dodge: Dodged            |    25 |    32 |   102 |   304 |    31 ||   494
  Block: Buckler           |    16 |    13 |    58 |   146 |    16 ||   249
